AoeStats
← NDF

Arabia

508994657Analyzed
1v1 RM · 7d ago on Sep 25, 2026· 36m 53s· 2 players
Game mode
Random Map
Map size
Tiny (2 player)
Population
200
Speed
Normal
Resources
Standard
Victory
Conquest
Starting age
Dark Age
Ending age
Imperial Age
RankedLock teamsTeams togetherTeam positionsShared explorationLock speedFull tech treeHidden civsTurbo modeCheats
Victory
Defeat
🇦🇷 Saracens · Argentina
629
+14
🇦🇷 Teutons · Argentina
591
-14
NDF
2:43 Loom
12:47 Feudal Age
12:57 Man-at-Arms
20:08 Castle Age
18:18 Horse Collar
18:29 Double-Bit Axe
20:17 Stone Mining
20:23 Gold Mining
31:52 Padded Archer Armor
33:29 Forging
zzz
7:59 Loom
10:28 Feudal Age
11:47 Double-Bit Axe
17:19 Fletching
18:37 Town Watch
22:58 Wheelbarrow
22:13 Horse Collar
26:58 Castle Age
27:08 Forging
26:59 Scale Mail Armor
27:00 Padded Archer Armor
30:08 Light Cavalry
30:59 Bloodlines
30:49 Husbandry
31:01 Scale Barding Armor
31:11 Crossbowman
36:47 Bodkin Arrow
37:09 Chain Mail Armor
Connection lost

Rejoining the realm…

Still unreachable

The connection could not be restored.

Session expired

The server has moved on; the page needs a fresh start.